 Dungeon Crawl Stone Soup version 0.21.1-1-g345015fe64 (webtiles) character file.

1556 Jannitor the Magician (level 8, -5/48 HPs)
             Began as a Deep Elf Earth Elementalist on June 8, 2018.
             Slain by Pikel
             ... wielding a +1 whip of electrocution
              (9 damage)
             ... on level 6 of the Dungeon.
             The game lasted 00:10:51 (7429 turns).

Jannitor the Magician (Deep Elf Earth Elementalist) Turns: 7429, Time: 00:10:52

Health: -5/48      AC:  8    Str:  7 (10) XL:     8   Next: 58%
Magic:  1/21       EV: 15    Int: 30 (32) God:
Gold:   220        SH:  0    Dex: 12 (15) Spells: 7/22 levels left

rFire    . . .     SeeInvis .   q - +1 short sword (venom)
rCold    . . .     Gourm    .   (no shield)
rNeg     + . .     Faith    .   u - +1 robe {rN+}
rPois    +         Spirit   .   (no helmet)
rElec    .         Reflect  .   r - +2 cloak {rPois}
rCorr    .         Harm     .   i - +1 pair of gloves
MR       .....                  (no boots)
Stlth    ++........             (no amulet)
HPRegen  0.16/turn              o - +4 ring of intelligence
MPRegen  0.17/turn              (no ring)

@: mighty, brilliant
A: no striking features
a: no special abilities


You were on level 6 of the Dungeon.
You were not hungry.

You visited 1 branch of the dungeon, and saw 6 of its levels.

You collected 220 gold pieces.

Inventory:

Hand Weapons
 f - a +0 dagger
 g - a +0 shortbow
 m - a +0 dagger of draining
 q - a +1 short sword of venom (weapon)
Missiles
 b - 109 stones (quivered)
 p - 128 arrows
Armour
 c - a +0 robe
 i - a +1 pair of gloves (worn)
 r - a +2 cloak of poison resistance (worn)
 u - a +1 robe of positive energy (worn)
Jewellery
 o - a +4 ring of intelligence (left hand)
Wands
 x - a wand of paralysis (14)
Scrolls
 a - 2 scrolls of amnesia
 j - a scroll of magic mapping
 l - a scroll of remove curse
 s - 3 scrolls of teleportation
 w - 6 scrolls of identify
Potions
 t - a potion of brilliance
Books
 e - a book of Geomancy

   Spells                             Type                      Level
   a - Sandblast                      Earth                        1
   b - Passwall                       Transmutation/Earth          2
   c - Stone Arrow                    Conjuration/Earth            3
   d - Petrify                        Transmutation/Earth          4
   e - Lee's Rapid Deconstruction     Earth                        5
 h - a book of Callings

   Spells                             Type                      Level
   a - Summon Small Mammal            Summoning                    1
   b - Call Imp                       Summoning                    2
   c - Call Canine Familiar           Summoning                    3
   d - Summon Guardian Golem          Hexes/Summoning              3
   e - Summon Lightning Spire         Summoning/Air                4
   f - Summon Ice Beast               Ice/Summoning                4
Comestibles
 d - 7 rations


   Skills:
 + Level 3.8 Fighting
 + Level 6.8 Dodging
 - Level 2.4 Stealth
 + Level 7.6 Spellcasting
 + Level 1.3 Summonings
 - Level 1.1 Transmutations
 + Level 1.2 Air Magic
 + Level 6.8 Earth Magic


You had 7 spell levels left.
You knew the following spells:

 Your Spells              Type           Power        Failure   Level  Hunger
a - Sandblast             Erth           ######       1%          1    None
b - Stone Arrow           Conj/Erth      #####.       1%          3    None
c - Passwall              Tmut/Erth      ######....   1%          2    None
d - Lee's Rapid Deconstr  Erth           ######....   1%          5    ####...
e - Summon Lightning Spi  Summ/Air       #####...     3%          4    #......


Dungeon Overview and Level Annotations

Branches:
Dungeon (6/15)
 Temple: D:4-7

Altars:

Shops:
D:6 :

Annotations:
D:6 Pikel; Thargor's ghost, novice GnFi


Message History

You barely miss Thargor's ghost.
Thargor's ghost is almost destroyed.
The orc misses you.
Pikel hits you with a whip of electrocution.
* * * LOW HITPOINT WARNING * * *
Thargor's ghost hits you but does no damage.
Unknown command.
Unknown command.
Casting: Stone Arrow
Confirm with . or Enter, or press ? or * to list all spells.
Aiming: Summon Lightning Spire
Press: ? - help, Dir - move target cursor, p - Thargor's ghost An electric hum fills the air.
The orc barely misses you. Pikel misses you. Thargor's ghost hits you.
* * * LOW HITPOINT WARNING * * *
Unknown command.
You closely miss Thargor's ghost.
Thargor's ghost is almost destroyed.
Pikel hits you but does no damage.
You are electrocuted!
You die...

.##.# ########.)#
#.#...#.# ....#
#...[...))# ####.#...#.#
...##
#.###########..........#
##.# #.#
#####...####.####
#.#####.# #.......## ...
#....<..#
##)#..........###
#########
#.)#p...<..##.#
#W#op........
#8@Kp.>.####.# ####p...#
. #.#### #.#


You could see Pikel, 4 slaves, Thargor's ghost, an orc and a friendly lightning
spire.

Vanquished Creatures
  Grinder (D:4)
  Sigmund (D:2)
  Menkaure (D:4)
  A centaur (D:5)
  Blork the orc (D:4)
  A scorpion (D:6)
  A howler monkey (D:5)
  7 orc priests
  Crazy Yiuf (D:5)
  A hound (D:4)
  5 orc wizards
  2 bullfrog skeletons
  A centaur skeleton (D:5)
  5 worker ants
  A hound skeleton (D:4)
  A worker ant zombie (D:5)
  10 adders
  An ooze (D:3)
  An adder skeleton (D:5)
  A worm (D:3)
  3 dart slugs (D:1)
  5 leopard geckos
  27 orcs
  2 bats
  4 giant cockroaches
  9 goblins
  7 hobgoblins
  8 jackals
  2 quokkas
  5 frilled lizards
  10 kobolds
  2 quokka skeletons (D:5)
  6 rats
134 creatures vanquished.

Vanquished Creatures (collateral kills)
  An orc (D:6)
1 creature vanquished.

Grand Total: 135 creatures vanquished

Notes
Turn   | Place    | Note
-------+----------+-------------------------------------------
     0 | D:1      | Jannitor the Deep Elf Earth Elementalist began the quest for the Orb.
     0 | D:1      | Reached XP level 1. HP: 10/10 MP: 6/6
   161 | D:1      | Reached XP level 2. HP: 7/15 MP: 5/8
   996 | D:1      | Reached XP level 3. HP: 7/19 MP: 8/10
  1474 | D:2      | Noticed Sigmund
  1591 | D:2      | Reached skill level 4 in Spellcasting
  2140 | D:2      | Killed Sigmund
  2140 | D:2      | Reached skill level 1 in Fighting
  2140 | D:2      | Reached XP level 4. HP: 17/25 MP: 10/12
  2140 | D:2      | Reached XP level 5. HP: 20/29 MP: 11/14
  2427 | D:3      | Reached skill level 5 in Spellcasting
  2608 | D:3      | Reached XP level 6. HP: 23/35 MP: 13/15
  3305 | D:4      | Reached skill level 5 in Earth Magic
  3713 | D:4      | Noticed Menkaure
  3719 | D:4      | Killed Menkaure
  3719 | D:4      | Reached skill level 5 in Dodging
  3908 | D:4      | Learned a level 3 spell: Stone Arrow
  3911 | D:4      | Learned a level 2 spell: Passwall
  3917 | D:4      | Learned a level 5 spell: Lee's Rapid Deconstruction
  4019 | D:4      | Reached XP level 7. HP: 40/40 MP: 17/17
  4041 | D:4      | Noticed Blork the orc
  4056 | D:4      | Killed Blork the orc
  4191 | D:4      | Noticed Grinder
  4205 | D:4      | Killed Grinder
  4205 | D:4      | Reached skill level 6 in Spellcasting
  4791 | D:5      | Entered Level 5 of the Dungeon
  5068 | D:5      | Reached XP level 8. HP: 26/46 MP: 4/20
  5408 | D:5      | Reached skill level 7 in Spellcasting
  6150 | D:6      | Found Lisku's Book Boutique.
  6407 | D:5      | Learned a level 4 spell: Summon Lightning Spire
  6525 | D:5      | Found a runed door.
  7017 | D:5      | Noticed Crazy Yiuf
  7020 | D:5      | Killed Crazy Yiuf
  7135 | D:6      | Reached skill level 1 in Summonings
  7155 | D:6      | Reached skill level 1 in Air Magic
  7382 | D:6      | Noticed Thargor's ghost (novice GnFi)
  7417 | D:6      | Noticed Pikel
  7429 | D:6      | Slain by Pikel

Skill      XL: |  1  2  3  4  5  6  7  8 |
---------------+-------------------------+-----
Dodging        | 3 4 5 6 |  6.8
Spellcasting   | 4 5 6 7 |  7.6
Earth Magic    | 4 5 6 |  6.8
Fighting       | 1 2 3 |  3.8
Summonings     | 1 |  1.3
Air Magic      | 1 |  1.2
Stealth        | |  2.4
Transmutations | |  1.1

Action                   |  1- 3 |  4- 6 |  7- 9 || total
-------------------------+-------+-------+-------++-------
Melee: Dagger            |    94 |       |       ||    94
       Short sword       |    41 |   144 |   168 ||   353
 Cast: Sandblast         |    22 |     3 |    16 ||    41
       Stone Arrow       |       |       |     8 ||     8
       Lee's Rapid Decon |       |       |    10 ||    10
       Summon Lightning  |       |       |     2 ||     2
  Use: Potion            |     3 |     1 |     6 ||    10
       Scroll            |       |       |    10 ||    10
 Stab: Sleeping          |     5 |     3 |     2 ||    10
       Invisible         |     3 |       |       ||     3
  Eat: Chunk             |     4 |     6 |     9 ||    19
       Ration            |       |       |     1 ||     1
Armor: Robe              |    21 |    23 |    32 ||    76
Dodge: Dodged            |    86 |    97 |   207 ||   390
